 Dungeon Crawl Stone Soup version 0.28.0-43-g3370ac3207 (webtiles) character file.

Game seed: 1472926898999449665

5069 themarg the Zephyrmancer (level 10, 0/56 HPs)
             Began as a Tengu Air Elementalist on Mar 1, 2022.
             Was a Follower of Vehumet.
             Shot with an arrow by a centaur (9 damage)
             ... on level 9 of the Dungeon on Mar 2, 2022.
             The game lasted 00:51:00 (14144 turns).

themarg the Zephyrmancer (Tengu Air Elementalist)  Turns: 14144, Time: 00:51:00

Health: 0/56       AC:  6    Str:  9    XL:     10   Next: 56%
Magic:  9/23       EV: 30    Int: 14    God:    Vehumet [*.....]
Gold:   373        SH:  5    Dex: 15    Spells: 18/25 levels left

rFire   . . .      SeeInvis .   B - +10 dagger of Revolt {vorpal, Will+++ rCorr Int-5}
rCold   . . .      Faith    .   E - +0 buckler
rNeg    . . .      Spirit   .   a - +0 robe
rPois   .          Reflect  .   (helmet restricted)
rElec   .          Harm     .   H - +2 cloak
rCorr   +          Rampage  .   g - +0 pair of gloves
Will    +++..                   (boots unavailable)
Stlth   ++........              o - amulet of the acrobat
HPRegen 0.18/turn               (no ring)
MPRegen 0.18/turn               (no ring)

@: acrobatic, flying quickly and evasively, quick
A: beak, talons 3, nimble flight
a: Renounce Religion


You were on level 9 of the Dungeon.
You worshipped Vehumet.
Vehumet was aware of your devotion.
You visited 2 branches of the dungeon, and saw 10 of its levels.

You collected 373 gold pieces.

Inventory:

Hand Weapons
 d - a +0 dagger
 t - the +1 rapier "Hoskocyo" {pain, *Rage rElec Int+6 Dex+4}
   (You found it on level 5 of the Dungeon)

   In the hands of one skilled in necromantic magic, it inflicts extra damage on
   living creatures.
   Int:       It affects your intelligence (+6).
   Dex:       It affects your dexterity (+4).
   rElec:     It insulates you from electricity.
   *Rage:     It berserks you when you make melee attacks (+20% chance).
 w - a +4 hand axe
 B - the +10 dagger of Revolt (weapon) {vorpal, Will+++ rCorr Int-5}
   (You found it on level 6 of the Dungeon)

   It inflicts extra damage upon your enemies.
   Int:       It affects your intelligence (-5).
   rCorr:     It protects you from acid and corrosion.
   Will:      It greatly increases your willpower.
 K - a +1 dagger of speed
 M - a +4 hand axe
Missiles
 A - 20 poisoned darts
 J - 10 boomerangs
Armour
 a - a +0 robe (worn)
 g - a +0 pair of gloves (worn)
 E - a +0 buckler (worn)
 H - a +2 cloak (worn)
 N - a +1 cloak of preservation
Jewellery
 o - an amulet of the acrobat (around neck)
 L - a ring of ice
Wands
 u - a wand of iceblast (8)
 z - a wand of polymorph (2)
 G - a wand of paralysis (11)
Scrolls
 b - 2 scrolls of teleportation
 e - a scroll of fear
 h - a scroll of vulnerability
 m - a scroll of blinking
 n - a scroll of silence {unknown}
 p - 3 scrolls of amnesia {unknown}
 q - a scroll of noise {unknown}
 v - 2 scrolls of identify {unknown}
 y - 2 scrolls of immolation {unknown}
 C - a scroll of holy word {unknown}
 F - a scroll of fog {unknown}
Potions
 c - a potion of degeneration {unknown}
 f - a potion of heal wounds
 i - 3 potions of magic {unknown}
 j - 2 potions of haste {unknown}
 k - a potion of curing {unknown}
 l - 3 potions of invisibility {unknown}
 r - a potion of flight {unknown}
 s - a potion of attraction {unknown}
 x - a potion of resistance {unknown}
 D - a potion of berserk rage {unknown}
 I - a potion of lignification {unknown}


   Skills:
 + Level 4.0 Fighting
 + Level 3.1 Short Blades
 - Level 0.6 Axes
 + Level 3.4 Dodging
 + Level 3.3 Stealth
 + Level 3.4 Shields
 + Level 8.4 Spellcasting
 + Level 6.3 Conjurations
 + Level 11.6 Air Magic
 - Level 2.1 Poison Magic


You had 18 spell levels left.
You knew the following spells:

 Your Spells              Type           Power      Damage    Failure   Level
a - Shock                 Conj/Air       100%       1d9       1%          1
b - Poisonous Vapours     Pois/Air       50%        N/A       1%          2
c - Airstrike             Air            19%        N/A       1%          4

Your spell library contained the following spells:

 Spells                   Type           Power      Damage    Failure   Level
 Sandblast                Erth           10%        2d5       16%         1
 Static Discharge         Conj/Air       31%        N/A       1%          2
 Swiftness                Air            38%        N/A       1%          3
 Corpse Rot               Necr/Air       44%        N/A       2%          2
 Frozen Ramparts          Ice            10%        1d3       43%         3
 Gell's Gravitas          Tloc           5%         N/A       43%         3
 Teleport Other           Tloc           5%         N/A       43%         3
 Ice Form                 Ice/Tmut       5%         N/A       85%         4
 Leda's Liquefaction      Hex/Erth       2%         N/A       85%         4
 Summon Ice Beast         Ice/Summ       5%         N/A       85%         4
 Lee's Rapid Deconstruct  Erth           2%         3d6*      99%         5
 Dispersal                Tloc           2%         N/A       100%        6
 Statue Form              Tmut/Erth      3%         N/A       100%        6


Dungeon Overview and Level Annotations

Branches:
Dungeon (9/15)             Temple (1/1) D:7
   Lair: D:8-11         Orc: D:9-12

Altars:
Ashenzari
Cheibriados
Dithmenos
Elyvilon
Fedhas
Gozag
Hepliaklqana
Kikubaaqudgha
Makhleb
Nemelex Xobeh
Okawaru
Qazlal
Ru
Sif Muna
Trog
Uskayaw
Vehumet
Wu Jian
Xom
Yredelemnul
Zin
The Shining One

Shops:
D:2 =


Innate Abilities, Weirdness & Mutations

You have a beak for a mouth.
You have claws for feet.
Your magical nature lets you fly swiftly and evasively.


Message History

Aiming: Airstrike (dangerous; 1% risk of failure)
Press: ? - help, Dir - move target, f/p - eight-headed hydra
Aim: an eight-headed hydra (moderately wounded, empty space bonus: 6/8)
The air twists around and strikes the eight-headed hydra!
The eight-headed hydra is heavily wounded.
Found a +0 falchion.
Casting: Airstrike (dangerous; 1% risk of failure)
Confirm with . or Enter, or press ? or * to list all spells.
Aiming: Airstrike (dangerous; 1% risk of failure)
Press: ? - help, Dir - move target, f/p - eight-headed hydra
Aim: an eight-headed hydra (moderately wounded, empty space bonus: 6/8)
The air twists around and strikes the eight-headed hydra!
The eight-headed hydra is heavily wounded.
Casting: Airstrike (dangerous; 1% risk of failure)
Confirm with . or Enter, or press ? or * to list all spells.
Aiming: Airstrike (dangerous; 1% risk of failure)
Press: ? - help, Dir - move target, f/p - eight-headed hydra
Aim: an eight-headed hydra (heavily wounded, empty space bonus: 7/8)
The air twists around and strikes the eight-headed hydra!
The eight-headed hydra is severely wounded.
The eight-headed hydra closely misses you. x2
The eight-headed hydra completely misses you.
The eight-headed hydra bites you!
* * * LOW HITPOINT WARNING * * *
The eight-headed hydra bites you.
* * * LOW HITPOINT WARNING * * *
The eight-headed hydra bites you but does no damage.
The eight-headed hydra closely misses you.
The eight-headed hydra bites you.
* * * LOW HITPOINT WARNING * * *
You see here a +0 spear.
The centaur unwields a +0 flail.
The centaur wields a +0 shortbow.
The centaur shoots an arrow.
The arrow closely misses you.
The centaur shoots an arrow.
The arrow barely misses you.
The centaur shoots an arrow.
The arrow completely misses you.
The centaur shoots an arrow.
You block the arrow.
The centaur shoots an arrow.
The arrow completely misses you.
The centaur shoots an arrow.
You block the arrow.
The centaur shoots an arrow.
The arrow hits you!
You die...

..# #.# #####..##
### #.# #.c#
#####.# #..#######
.[....# #D........
####..# #..#####.#
#..# #..# #.#
####..# #.)# .# #.#
......# #..# #.#
#.# #####.#
#.@#####.# #.# #
#.# #.....##.# #.#
# #.#
####..##.###.# .# #
#.# #..#....#.##.#
# #.#
#....#.......## #
#.# #.##..........#
#.#
####.##..[)...##.##
#.#
#..................
#.#
#.##.............##


You could see an eight-headed hydra and a centaur.

Vanquished Creatures
  3 hornets (D:8)
  Grinder (D:6)
  3 wyverns
  A wraith (D:8)
  A steam dragon (D:8)
  A vampire mosquito (D:8)
  A water moccasin (D:8)
  A black bear (D:5)
  2 orc warriors
  A sky beast (D:7)
  2 ice beasts
  A necrophage (D:6)
  4 ogres
  2 centaurs
  2 phantoms
  3 kobold brigands
  A wyvern zombie (D:6)
  A bullfrog (D:6)
  A gnoll sergeant (D:7)
  6 scorpions
  A water moccasin skeleton (D:6)
  8 wights
  2 electric eels (D:8)
  A howler monkey (D:7)
  3 centaur zombies (D:8)
  A jelly (D:6)
  A hound (D:6)
  2 orc priests
  2 gnoll shamans
  Jessica (D:2)
  2 iguanas
  6 orc wizards
  2 hound skeletons
  4 adders
  15 gnolls
  A howler monkey skeleton (D:7)
  2 white imps
  A worm (D:3)
  3 dart slugs
  16 orcs
  4 ball pythons
  6 bats
  8 endoplasms
  3 giant cockroaches
  4 goblins
  5 hobgoblins
  13 jackals
  3 quokkas
  6 frilled lizards
  16 kobolds
  7 rats
187 creatures vanquished.

Vanquished Creatures (others)
  16 plants (D:7)
16 creatures vanquished.

Grand Total: 203 creatures vanquished

Notes
Turn   | Place    | Note
-------+----------+-------------------------------------------
     0 | D:1      | themarg the Tengu Air Elementalist began the quest for the
                  | Orb.
     0 | D:1      | Reached XP level 1. HP: 10/10 MP: 4/4
   141 | D:1      | Reached XP level 2. HP: 15/15 MP: 1/6
   568 | D:1      | Found a faded altar of an unknown god.
  1061 | D:1      | Reached XP level 3. HP: 19/19 MP: 2/7
  1500 | D:2      | Noticed Jessica
  1505 | D:2      | Learned a level 2 spell: Poisonous Vapours
  1634 | D:2      | Killed Jessica
  1635 | D:2      | Reached skill level 5 in Air Magic
  1985 | D:2      | Reached XP level 4. HP: 24/24 MP: 6/9
  2181 | D:2      | Found a blossoming altar of Fedhas.
  2194 | D:2      | Found Venkos's Jewellery Shoppe.
  3427 | D:3      | Gained mutation: Your magical nature lets you fly swiftly
                  | and evasively. [Tengu growth]
  3427 | D:3      | Reached XP level 5. HP: 26/28 MP: 3/10
  4556 | D:4      | Reached skill level 6 in Air Magic
  4556 | D:4      | Reached XP level 6. HP: 32/32 MP: 4/12
  5240 | D:5      | Entered Level 5 of the Dungeon
  5283 | D:5      | Identified the +1 rapier "Hoskocyo" {pain, *Rage rElec
                  | Int+6 Dex+4}
  5320 | D:5      | Reached skill level 1 in Poison Magic
  5320 | D:5      | Reached XP level 7. HP: 17/36 MP: 3/14
  5568 | D:5      | Found a shimmering blue altar of Sif Muna.
  5586 | D:5      | Reached skill level 1 in Fighting
  5717 | D:5      | Reached skill level 7 in Air Magic
  5846 | D:5      | Learned a level 4 spell: Airstrike
  6197 | D:6      | Reached XP level 8. HP: 44/44 MP: 11/16
  6509 | D:6      | Reached skill level 5 in Spellcasting
  6509 | D:6      | Reached skill level 5 in Conjurations
  6509 | D:6      | Reached skill level 8 in Air Magic
  6842 | D:6      | Noticed Grinder
  6848 | D:6      | Killed Grinder
  7254 | D:6      | Reached XP level 9. HP: 52/52 MP: 5/19
  7563 | D:6      | Identified the +10 dagger of Revolt {vorpal, Will+++ rCorr
                  | Int-5}
  7618 | D:6      | Reached skill level 9 in Air Magic
  7702 | D:7      | Reached skill level 1 in Short Blades
  8131 | D:7      | Found a staircase to the Ecumenical Temple.
  8151 | Temple   | Entered the Ecumenical Temple
  8334 | Temple   | Became a worshipper of Vehumet
  9921 | D:8      | Reached skill level 1 in Shields
  9921 | D:8      | Reached skill level 10 in Air Magic
 10379 | D:8      | Noticed a hornet
 10384 | D:8      | Killed a hornet
 10639 | D:8      | Noticed a hornet
 10653 | D:8      | Killed a hornet
 10654 | D:8      | Reached XP level 10. HP: 29/56 MP: 2/22
 11102 | D:8      | Paralysed by a hornet for 3 turns
 11105 | D:8      | Reached skill level 11 in Air Magic
 11105 | D:8      | Reached * piety under Vehumet
 11105 | D:8      | Offered knowledge of Sandblast by Vehumet.
 13634 | D:9      | Noticed an eight-headed hydra
 14092 | D:9      | HP: 1/56 [eight-headed hydra (5)]
 14144 | D:9      | Shot with an arrow by a centaur

Illustrated notes

Levels and vault maps discovered:
D:1:      roderic_octagonal_star, layout_loops_corners,
          hellmonk_ecumenical_altar_dog_temple
D:2:      layout_basic, serial_shops, shop, basic_altar,
          kennysheep_jessica_study
D:3:      layout_loops_ring, uniq_jessica
D:4:      layout_basic
D:5:      layout_basic, mainiacjoe_overflow_boulevard
D:6:      layout_gridville, uniq_grinder
D:7:      layout_loops_ring, temple_pool_b, nicolae_grassy_gnolls
D:8:      minmay_clustersquares, layout_loops_ring, nrook_pool_corridor
D:9:      layout_loops_ring
Temple:   mainiacjoe_temple_starburst

Skill      XL: |  1  2  3  4  5  6  7  8  9 10 |
---------------+-------------------------------+-----
Conjurations   | 2 3 4 5 6 |  6.3
Air Magic      | 5 6 7 8 10 11 | 11.6
Spellcasting   | 3 4 6 7 8 |  8.4
Poison Magic   | 1 2 |  2.1
Fighting       | 2 3 4 |  4.0
Short Blades   | 3 |  3.1
Stealth        | 3 |  3.3
Shields        | 2 3 |  3.4
Dodging        | 3 |  3.4
Axes           | |  0.6

Action                   |  1- 3 |  4- 6 |  7- 9 | 10-12 || total
-------------------------+-------+-------+-------+-------++-------
Melee: Dagger            |    10 |    14 |     2 |     3 ||    29
       Peck              |     3 |     1 |     7 |     7 ||    18
       Kick              |     3 |     3 |    19 |    12 ||    37
       Hand axe          |       |       |    44 |    25 ||    69
       Punch             |       |       |     1 |       ||     1
 Cast: Shock             |    54 |    98 |    62 |    11 ||   225
       Poisonous Vapours |     1 |    33 |    56 |    25 ||   115
       Airstrike         |       |       |    47 |    69 ||   116
  Use: Scroll            |       |     3 |     1 |     1 ||     5
       Potion            |       |     1 |     1 |     1 ||     3
 Stab: Distracted        |       |       |       |     1 ||     1
Armor: Robe              |       |     4 |     6 |    14 ||    24
Dodge: Dodged            |    11 |    12 |    56 |    72 ||   151
Block: Buckler           |       |       |       |     3 ||     3
